 Dungeon Crawl Stone Soup version 0.28-a0-883-gc8d7bad45d (webtiles) character file.

Game seed: 3248892970767501156

73 ytrimaz the Skirmisher (level 4, -2/35 HPs)
             Began as a Demonspawn Fighter on Nov 22, 2021.
             Killed from afar by Natasha (9 damage)
             ... with a magic dart
             ... on level 3 of the Dungeon.
             The game lasted 00:01:35 (1894 turns).

ytrimaz the Skirmisher (Demonspawn Fighter)         Turns: 1894, Time: 00:01:35

Health: -2/35      AC: 21    Str: 17    XL:     4   Next: 8%
Magic:  4/4        EV:  9    Int: 10    God:
Gold:   44         SH:  4    Dex: 12    Spells: 3/3 levels left

rFire   . . .      SeeInvis .   (no weapon)
rCold   . . .      Faith    .   c - +0 buckler
rNeg    . . .      Spirit   .   f - +0 plate armour
rPois   .          Reflect  .   (no helmet)
rElec   .          Harm     .   (no cloak)
rCorr   .          Rampage  .   (no gloves)
Will    .....                   (no boots)
Stlth   ..........              (no amulet)
HPRegen 0.11/turn               l - +4 ring of protection
MPRegen 0.09/turn               e - +4 ring of evasion

@: sanguine armoured, slowed, very slow
A: sanguine armour 1, demonic touch 1
a: no special abilities


You were on level 3 of the Dungeon.
You visited 1 branch of the dungeon, and saw 3 of its levels.

You collected 44 gold pieces.

Inventory:

Hand Weapons
 a - a +0 war axe
Armour
 c - a +0 buckler (worn)
 f - a +0 plate armour (worn)
Jewellery
 e - a +4 ring of evasion (right hand)
 h - a ring of poison resistance
 l - a +4 ring of protection (left hand)
Scrolls
 b - a scroll of silence
 k - a scroll of amnesia {unknown}
Potions
 d - a potion of might
 g - a potion of heal wounds {unknown}
 i - 2 potions of curing {unknown}
 j - a potion of haste {unknown}


   Skills:
 + Level 3.5 Fighting
 - Level 2.8 Axes
 + Level 3.1 Armour
 + Level 3.0 Shields


You had 3 spell levels left.
You didn't know any spells.
Your spell library was empty.

Dungeon Overview and Level Annotations

Branches:
Dungeon (3/15)

Altars:

Shops:
D:2 [

Annotations:
D:3 Natasha


Innate Abilities, Weirdness & Mutations

When seriously injured, your blood forms armour. (AC +6)
Your touch may inflict minor irresistible damage on your foes.


Message History

Natasha claws you but does no damage. x2
Unknown command.
You hit Natasha but do no damage.
Natasha is heavily wounded.
Natasha barely misses you.
You hit Natasha but do no damage.
Natasha is heavily wounded.
Natasha barely misses you.
Natasha stares at you and mumbles some strange words.
You feel as though you will be slow longer.
You hit Natasha but do no damage.
Natasha is heavily wounded.
Natasha claws you!
* * * LOW HITPOINT WARNING * * *
Natasha claws you but does no damage.
Unknown command.
You hit Natasha.
Natasha is severely wounded.
The crimson imp disappears in a puff of smoke!
Natasha claws you but does no damage.
Unknown command.
You closely miss Natasha.
Natasha is severely wounded.
Natasha claws you but does no damage. x2
Unknown command.
You hit Natasha.
Natasha is almost dead.
Natasha claws you but does no damage.
Unknown command.
You closely miss Natasha.
Natasha is almost dead.
Natasha barely misses you.
Natasha stares at you and mumbles some strange words.
The magic dart hits you but does no damage.
Unknown command.
You completely miss Natasha.
Natasha is almost dead.
Natasha stares at you and mumbles some strange words.
The magic dart hits you!
You die...

..# #.#
#รท##.#..#..#
#.##.#
#.........#
##...#
####.##..[.#
#.#..#.#### #.#
###
#........#####.#
#.###.##.......#
#.###.##########
#.....# #####@#
#h# #.# ...
#...# #...#
#.... .....
..?...


You could see Natasha.

Vanquished Creatures
  Natasha (D:3)
  2 adders (D:2)
  A dart slug (D:2)
  2 ball pythons
  3 endoplasms
  2 giant cockroaches
  A goblin (D:2)
  4 hobgoblins
  2 jackals (D:1)
  3 kobolds
  2 quokkas (D:2)
  3 bats
  A rat (D:1)
27 creatures vanquished.

Notes
Turn   | Place    | Note
-------+----------+-------------------------------------------
     0 | D:1      | ytrimaz the Demonspawn Fighter began the quest for the Orb.
     0 | D:1      | Reached XP level 1. HP: 18/18 MP: 1/1
   434 | D:1      | Gained mutation: When seriously injured, your blood forms
                  | armour. (AC +6) [demonic ancestry]
   434 | D:1      | Reached XP level 2. HP: 19/24 MP: 2/2
  1009 | D:2      | Found Wayst's Antique Armour Shoppe.
  1115 | D:2      | Reached XP level 3. HP: 29/29 MP: 3/3
  1580 | D:3      | Noticed Natasha
  1590 | D:3      | Killed Natasha
  1591 | D:3      | Gained mutation: Your touch may inflict minor irresistible
                  | damage on your foes. [demonic ancestry]
  1591 | D:3      | Reached XP level 4. HP: 11/35 MP: 4/4
  1833 | D:3      | Noticed Natasha
  1894 | D:3      | Killed from afar by Natasha

Illustrated notes

Levels and vault maps discovered:
D:1:      dpeg_arrival_simpleton_c, layout_loops_cross
D:2:      layout_rooms, serial_shops, nicolae_shop_overgrown_old_shop
D:3:      layout_loops_cross, kennysheep_doodads, uniq_natasha

Skill      XL: |  1  2 |
---------------+-------+-----
Axes           | 2 |  2.8
Armour         | 3 |  3.1
Shields        | 3 |  3.0
Fighting       | |  3.5

Action                   |  1- 3 |  4- 6 || total
-------------------------+-------+-------++-------
Melee: War axe           |    89 |       ||    89
       Unarmed           |       |    55 ||    55
  Use: Scroll            |     1 |       ||     1
Armor: Plate armour      |    66 |    34 ||   100
       Scale mail        |     7 |       ||     7
Dodge: Dodged            |    24 |    28 ||    52
Block: Buckler           |    22 |    10 ||    32

Table legend: (Time is in decaauts)
 A = Elapsed time spent in this place.
 B = Non-inter-level travel time spent in this place.
 C = Inter-level travel time spent in this place.
 D = Time resting spent in this place.
 E = Time spent auto-exploring this place.
 F = Levels seen in this place.
 G = Mean time per level.
                   A        B        C        D        E       F      G
               +--------+--------+--------+--------+--------+-----+--------+
         Total |   1948 |   1938 |     10 |    216 |   1399 |   3 |  649.3 |
       Dungeon |   1948 |   1938 |     10 |    216 |   1399 |   3 |  649.3 |
               +--------+--------+--------+--------+--------+-----+--------+

Top non-repeatable levels by time:
     D:1: 839 daAuts
     D:2: 773 daAuts
     D:3: 336 daAuts
